 Dungeon Crawl Stone Soup version 0.31-a0-1447-g87ca8d402b (webtiles) character file.

Game seed: 4764214747917310224

28 holysushi the Shooter (level 3, 0/24 HPs)
             Began as an Octopode Hunter on Dec 28, 2023.
             Succumbed to an adder's poison
             ... on level 2 of the Dungeon.
             The game lasted 00:01:52 (1172 turns).

holysushi the Shooter (Octopode Hunter)             Turns: 1172, Time: 00:01:53

Health: 0/24       AC:  1    Str: 10    XL:     3   Next: 12%
Magic:  3/3        EV: 13    Int: 11    God:
Gold:   30         SH:  0    Dex: 17    Spells: 2/2 levels left

rFire   . . .        (no weapon)
rCold   . . .        (no shield)
rNeg    . . .        (helmet restricted)
rPois   .            (no amulet)
rElec   .            (no ring)
rCorr   .            (no ring)
SInv    .            (no ring)
Will    +....        (no ring)
Stlth   +++          (no ring)
HPRegen 0.24/turn    (no ring)
MPRegen 0.08/turn    (no ring)
                     (no ring)

%: no passive effects
@: lethally poisoned (0 -> -13), enlightened, flying
A: almost no armour, amphibious, 8 rings, camouflage 1, gelatinous body 1,
(nimble swimmer 1), tentacles
a: no special abilities


You were on level 2 of the Dungeon.
You visited 1 branch of the dungeon, and saw 2 of its levels.

You collected 30 gold pieces.

Inventory:

Hand Weapons
 a - a +0 shortbow
Jewellery
 b - a ring of fire
Scrolls
 e - a scroll of teleportation {unknown}
 g - a scroll of identify
Potions
 d - 2 potions of degeneration
 f - a potion of brilliance {unknown}


   Skills:
 + Level 2.0 Fighting
 + Level 5.0 Ranged Weapons
 - Level 2.0 Dodging
 - Level 1.3 Stealth


You had 2 spell levels left.
You didn't know any spells.
Your spell library contained the following spells:

 Spells                   Type           Power      Damage    Failure   Level
 Blink                    Tloc           0%         N/A       47%         2
 Lesser Beckoning         Tloc           0%         N/A       47%         2
 Momentum Strike          Conj/Tloc      0%         3d8       47%         2


Dungeon Overview and Level Annotations

Branches:
Dungeon (2/15) Zot: 10814

Altars:

Annotations:
D:1 Natasha


Innate Abilities, Weirdness & Mutations

You cannot wear most types of armour.
You are amphibious.
You can wear up to eight rings at the same time.
Your skin changes colour to match your surroundings (Stealth+).
Your rubbery body absorbs attacks. (AC +1, EV +1)
((You are camouflaged when in or above water. (Stealth+)))
You have tentacles for arms and can constrict up to eight enemies at once.


Message History

The arrow hits the adder but does no damage.
The adder is lightly wounded.
The adder bites you.
You shoot an arrow. The arrow misses the adder.
The adder misses you. The adder bites you.
You are poisoned.
The adder poisons you!
You shoot an arrow.
The arrow hits the adder but does no damage.
The adder is lightly wounded.
You feel sick. The adder bites you.
Okay, then.
Okay, then.
You are now empty-tentacled.
The adder barely misses you.
You tentacle-slap the adder but do no damage.
Your grab misses the adder.
The adder is lightly wounded.
You feel sick. The adder bites you.
You are more poisoned.
The adder poisons you!
You tentacle-slap the adder but do no damage.
Your grab misses the adder.
The adder is lightly wounded.
You feel sick. The adder bites you.
You are lethally poisoned!
The adder poisons you! The adder bites you.
* * * LOW HITPOINT WARNING * * *
You are more poisoned.
The adder poisons you!
You tentacle-slap the adder but do no damage.
You grab the adder.
The adder is lightly wounded.
You constrict the adder.
* * * LOW HITPOINT WARNING * * *
You feel very sick. The adder bites you but does no damage.
It was a potion of enlightenment.
You feel very buoyant.
You fly up into the air.
You constrict the adder.
You die...

##...#.#####.......#
####.##.......#####.#
.# #.########.# #.#
.# #.# #.# #.# .###+#
#.# #.# ..# #.#####.#
### #.......# ..#
##.#.#### .## #...@#
..# +......S.......
#.# ####....#######
..# ##.... .## #....
..# #..... ####+#
#..... ..##.# ##...##
.###.#


You could see an adder.

Vanquished Creatures
  A worm (D:1)
  3 ball pythons (D:1)
  An endoplasm (D:1)
  4 goblins (D:1)
  A hobgoblin (D:1)
  4 quokkas
  5 bats (D:1)
  A frilled lizard (D:1)
  A kobold (D:1)
  2 rats (D:2)
23 creatures vanquished.

Notes
Turn   | Place    | Note
-------+----------+-------------------------------------------
     0 | D:1      | holysushi the Octopode Hunter began the quest for the Orb.
     0 | D:1      | Reached XP level 1. HP: 14/14 MP: 1/1
   180 | D:1      | Reached XP level 2. HP: 19/19 MP: 2/2
   868 | D:2      | Noticed Natasha
  1038 | D:1      | Reached XP level 3. HP: 24/24 MP: 3/3
  1085 | D:2      | Reached skill level 5 in Ranged Weapons
  1172 | D:2      | Succumbed to an adder's poison

Illustrated notes

Levels and vault maps discovered:
D:1:      reono_arrival_forest_river, layout_loops_corners
D:2:      layout_loops_corners, minmay_misc_feat_alley, uniq_natasha,
          uniq_jessica

Skill      XL: |  1  2  3 |
---------------+----------+-----
Ranged Weapons | 5 |  5.0
Fighting       | |  2.0
Dodging        | |  2.0
Stealth        | |  1.3

Action                     || total
---------------------------++-------
  Melee: Unarmed           ||     3
         Constrict         ||     1
   Fire: Shortbow          ||    73
    Use: Scroll            ||     3
         Potion            ||     1
 Armour: Skin              ||    14
  Dodge: Dodged            ||    26

Table legend: (Time is in decaauts)
 A = Elapsed time spent in this place.
 B = Non-inter-level travel time spent in this place.
 C = Inter-level travel time spent in this place.
 D = Time resting spent in this place.
 E = Time spent auto-exploring this place.
 F = Levels seen in this place.
 G = Mean time per level.
                   A        B        C        D        E       F      G
               +--------+--------+--------+--------+--------+-----+--------+
         Total |   1185 |   1144 |     41 |     62 |    793 |   2 |  592.5 |
       Dungeon |   1185 |   1144 |     41 |     62 |    793 |   2 |  592.5 |
               +--------+--------+--------+--------+--------+-----+--------+

Top non-repeatable levels by time:
     D:1: 1009 daAuts
     D:2: 175 daAuts
